[Event "USA Championship Women 2022"]
[Site "Saint Louis"]
[Date "2022.10.06"]
[Round "2.3"]
[White "Lee, Alice"]
[Black "Tokhirjonova, Gulrukhbegim"]
[Result "1-0"]
[ECO "D27"]
[WhiteElo "2263"]
[BlackElo "2336"]
[Annotator "TA"]
[PlyCount "115"]
[EventDate "2022.09.05"]
[EventType "tourn"]
[EventCountry "USA"]
[SourceTitle "playchess.com"]
[Source "ChessBase"]
[SourceQuality "1"]
[TimeControl "40/5400+30:1800+30"]

1. d4 d5 2. c4 dxc4 3. Nf3 Nf6 4. e3 e6 5. Bxc4 c5 6. O-O Nc6 7. dxc5 Qxd1 8. Rxd1 Bxc5 9. a3 a6 10. b4 Be7 11. Bb2 O-O 12. Nbd2 {[%emt 0:03:42][%cal Bb1d2,Bd2c4,Bc4b6][%mdl 32] D27: Queen's Gambit Accepted: Classical main line: 7 e4!? and 7 a4.} Bd7 13. Bf1 Rfd8 {[%emt 0:07:34] [#]} 14. Nc4 $146 {[%emt 0:06:38] White has an edge.} ({Predecessor:} 14. g3 Be8 15. Bg2 Nd5 16. Nc4 b5 17. Nce5 a5 18. Nxc6 Bxc6 19. Nd4 Be8 20. bxa5 Rxa5 {½-½ (54) Goryachkina,A (2610)-Gaponenko,I (2347) Warsaw 2021}) 14... Be8 15. Nd4 Rac8 16. Nb6 Rc7 17. Rac1 Kf8 18. Re1 Nd5 19. Nxd5 Rxd5 20. Bd3 Rdd7 21. Nxc6 (21. Bxh7 Nxd4 22. exd4 (22. Bxd4 g6 $17) 22... g6 23. Rxc7 Rxc7 $17) 21... Rxd3 22. Nxe7 Rxe7 23. Bd4 {[%emt 0:02:26] [#] Threatens to win with Bc5.} Rd7 24. Rc8 {[%emt 0:01:16] Bc5+ is the strong threat.} f6 25. f4 Ke7 26. g4 Rd8 27. Rc7+ Rd7 28. Rec1 Kd6 (28... Rxa3 $11 29. Kf2 Rb3) 29. Rc8 $14 Bg6 30. Kf2 {[%emt 0:02:10] Hoping for Ke2.} e5 31. Bc5+ Kd5 32. f5 Bf7 33. Kf3 {[%emt 0:01:49] And now Bf8 would win.} e4+ $2 {[%emt 0:02:17] This move loses the game for Black.} (33... g6 $1 $11) 34. Ke2 {[%emt 0:03:12] Black must now prevent Bf8.} g6 $2 {[%emt 0:02:00] [#]} (34... Ke5 $16) 35. Bf8 $1 $18 Ke5 36. R1c5+ R3d5 37. Rxd5+ Rxd5 38. Rc7 $1 gxf5 39. Rxf7 fxg4 {[%emt 0:00:06][%mdl 4096] Endgame KRB-KR} 40. Bg7 Rd6 41. Rxb7 Rc6 42. Bh6 Rc2+ 43. Kd1 Ra2 44. Bf4+ Kd5 45. Rxh7 Kc4 46. Rd7 Kc3 47. Rd4 Rxa3 48. Rxe4 Ra4 49. Rd4 Rxb4 50. Rxb4 {[%emt 0:00:00] White mates.} Kxb4 {[%emt 0:00:00] KB-K3P} 51. Kc2 Kc4 52. Kb2 Kb4 53. Bd6+ Kc4 54. Ka3 Kb5 55. Kb3 a5 56. Be7 f5 57. Kc3 Ka4 58. Kd4 {[%emt 0:00:00] Weighted Error Value: White=0.07 (flawless) /Black=0.39} 1-0

[Event "USA Championship Women 2022"]
[Site "Saint Louis"]
[Date "2022.10.06"]
[Round "2.4"]
[White "Yu, Jennifer"]
[Black "Yan, Ruiyang"]
[Result "1-0"]
[ECO "D32"]
[WhiteElo "2297"]
[BlackElo "2220"]
[Annotator "TA"]
[PlyCount "91"]
[EventDate "2022.09.05"]
[EventType "tourn"]
[EventCountry "USA"]
[SourceTitle "playchess.com"]
[Source "ChessBase"]
[SourceQuality "1"]
[TimeControl "40/5400+30:1800+30"]

1. Nf3 Nf6 2. c4 e6 3. Nc3 d5 4. e3 c5 5. cxd5 exd5 6. d4 Nc6 7. Be2 cxd4 8. Nxd4 Bc5 9. Bf3 {[%emt 0:06:38] D32: Tarrasch Defence: Sidelines and lines without g3.} Ne5 10. O-O O-O 11. h3 {[%emt 0:07:46] [#] The position is equal.} Re8 $146 ({Predecessor:} 11... Bb6 12. b3 Re8 13. Bb2 a6 14. Rc1 Qd6 15. Re1 Bd7 16. Be2 Rac8 17. Bf1 Ba5 18. Re2 h5 19. Rec2 h4 20. a3 Bc7 21. f4 Nc6 22. Nxc6 bxc6 23. Qd3 Bb6 24. Na4 Bxe3+ {0-1 (24) Bautista Sanchez,J (2223)-Strikovic,A (2567) Sabadell 2007}) 12. Nb3 Nxf3+ 13. Qxf3 Bb6 14. Rd1 Be6 15. Nd4 Rc8 16. Nde2 Ne4 17. Nf4 Nxc3 18. bxc3 Qf6 19. Bb2 Rc4 20. Qh5 Rc5 {[%emt 0:09:30][%cal Od5d4] [#] ...d4! is the strong threat.} (20... Rxf4 $5 21. exf4 Qxf4 $15) 21. Nxd5 Bxd5 22. Rxd5 g6 23. Qd1 Rxd5 $1 24. Qxd5 Rd8 $1 25. Qb5 ({Don't go for} 25. Qxb7 $2 Rd2 26. Qa8+ Kg7 $19) (25. Qb3 $5 ) 25... Rd2 26. Rf1 Qc6 27. Qb3 Qf6 (27... Re2 $1 $11 {keeps the balance.}) 28. Bc1 Rd3 29. Qb5 Rd8 30. c4 $36 {[%emt 0:00:38][%cal Bc3c4,Bc4c5][%mdl 2080] White has strong initiative. White now steadily converts the win.} Rc8 31. Bb2 Qe6 {[%emt 0:00:09] [#]} 32. Rc1 $1 Rd8 (32... Rc6 $16 33. a4 Qd7) 33. c5 Rd5 $2 (33... Bc7 34. Qxb7 Qd7) 34. Qb4 $18 Bc7 35. Qxb7 Qd7 {[%emt 0:00:40] ( -> ...Rd1+)} 36. Qa8+ Qd8 37. Qxd8+ Rxd8 {[%emt 0:00:03][%mdl 4096] Endgame KRB-KRB} 38. Bd4 Rb8 39. g3 h5 40. Kg2 Rb5 41. g4 hxg4 $2 (41... Kf8 {was necessary.} 42. Bf6 Ra5) 42. hxg4 {[%emt 0:00:05][%cal Bh3g4,Bg4g5][%mdl 32] Hoping for Bf6. White is clearly winning.} Kf8 43. Bf6 Ke8 44. c6 {[%emt 0:00:05] Rh1 would kill now.} Rb6 45. g5 Ra6 46. Rc4 {[%emt 0:00:32] Weighted Error Value: White=0.19 (very precise) /Black=0.30} 1-0

[Event "USA Championship Women 2022"]
[Site "Saint Louis"]
[Date "2022.10.06"]
[Round "2.5"]
[White "Zatonskih, Anna"]
[Black "Abrahamyan, Tatev"]
[Result "1/2-1/2"]
[ECO "E36"]
[WhiteElo "2368"]
[BlackElo "2308"]
[Annotator "TA"]
[PlyCount "41"]
[EventDate "2022.09.05"]
[EventType "tourn"]
[EventCountry "USA"]
[SourceTitle "playchess.com"]
[Source "ChessBase"]
[SourceQuality "1"]
[TimeControl "40/5400+30:1800+30"]

1. d4 Nf6 2. c4 e6 3. Nc3 Bb4 4. Qc2 O-O 5. a3 Bxc3+ 6. Qxc3 d5 $1 {[%emt 0:00:32][%mdl 4] is currently scoring better than 6...b6.} 7. Nf3 Nbd7 {[%emt 0:05:32] The position is equal.} 8. Bg5 {[%emt 0:17:15] E36: Nimzo-Indian: Classical: 4...d5 5 a3.} h6 9. Bxf6 Nxf6 10. e3 b6 11. Be2 Bb7 12. O-O {[%emt 0:00:32] [#]} Qe7 $146 ({Predecessor:} 12... c5 13. dxc5 Ne4 14. Qe5 Nxc5 15. Rfd1 Rc8 16. Rac1 Qf6 17. Qxf6 gxf6 18. Nd4 dxc4 19. Rxc4 {½-½ (47) Atalik,S (2494)-Wachinger,N (2347) Novi Sad 2021}) 13. Rac1 dxc4 14. Qxc4 Rfc8 15. Qb5 c6 16. Qa4 c5 17. Rfd1 Bc6 18. Qa6 Bb7 19. Qa4 Bc6 20. Qa6 Bb7 21. Qa4 {[%emt 0:08:41] Not much happened in this game.  Weighted Error Value: White=0.03 (flawless) /Black=0.01 (flawless)} 1/2-1/2

[Event "USA Championship Women 2022"]
[Site "Saint Louis"]
[Date "2022.10.06"]
[Round "2.6"]
[White "Krush, Irina"]
[Black "Foisor, Sabina-Francesca"]
[Result "1/2-1/2"]
[ECO "A11"]
[WhiteElo "2432"]
[BlackElo "2203"]
[Annotator "TA"]
[PlyCount "140"]
[EventDate "2022.09.05"]
[EventType "tourn"]
[EventCountry "USA"]
[SourceTitle "playchess.com"]
[Source "ChessBase"]
[SourceQuality "1"]
[TimeControl "40/5400+30:1800+30"]

1. c4 c6 2. Nf3 d5 3. e3 Nf6 4. Nc3 e6 5. b3 Bd6 6. Bb2 O-O 7. Be2 e5 {[%emt 0:06:38] A11: English Opening: 1...c6.} 8. cxd5 cxd5 9. Nb5 Nc6 $1 {[%emt 0:00:09][%mdl 4] outshines the older 9...e4.} 10. Nxd6 Qxd6 11. O-O Bg4 12. h3 Bh5 {[%emt 0:05:57] [#]} 13. d3 $146 ({Predecessor:} 13. Rc1 Rac8 14. d3 Rfd8 15. Qd2 h6 16. Nh4 Bxe2 17. Qxe2 Qe6 18. f4 e4 19. f5 {1-0 (47) Sihite,C (2252)-Yakovich,Y (2526) Chess.com INT 2020}) 13... Rfe8 14. Rc1 Rad8 15. Qd2 (15. d4 $5 Bxf3 16. Bxf3 $14) 15... Bxf3 16. Bxf3 e4 17. Be2 (17. dxe4 $14 Nxe4 18. Qd3) 17... d4 $11 18. Rcd1 dxe3 19. fxe3 exd3 20. Bxd3 Ne4 21. Qe2 Qe7 22. Rf4 Ng5 23. Rdf1 Qxe3+ 24. Qxe3 Rxe3 25. Bc4 {[%emt 0:00:47] This bishop pair is nice.} Ne5 (25... Rd7 $1 $15) 26. Bxe5 Rxe5 27. Bxf7+ Nxf7 28. Rxf7 {[%emt 0:00:06][%mdl 4096] Endgame KRR-KRR} Rb5 $1 29. Rc7 a5 (29... h6 $1 $11 {remains equal.}) 30. Rff7 $16 {[%emt 0:03:39] White is more active.} Rd1+ 31. Kh2 Rg5 32. Rf2 {[%emt 0:00:17] Inhibits Rd2. White wants to mate with Rc8+.} (32. Rxb7 Rd2 33. Kh1 Rgxg2 $15) 32... h5 33. Rxb7 Kh7 34. Rc7 Re5 35. Rff7 Rg5 36. Rc2 {[%emt 0:00:27] Prevents Rd2.} Kh6 37. Rfc7 Rdd5 38. R7c4 Rge5 39. h4 Rb5 40. Rc6+ Kh7 41. R2c3 Re2 42. a4 Rb4 43. R6c4 {[%emt 0:00:19] Black must now prevent Rxb4.} Re4 $2 (43... Rb2 $16) 44. Rxe4 $18 Rxe4 {[%emt 0:00:02] KR-KR} 45. Rc5 $1 Rxh4+ (45... Re3 $142 46. Rxh5+ Kg6 47. Rxa5 Rxb3 48. h5+ Kh6) 46. Kg1 Kh6 47. Rxa5 Rd4 48. Rb5 h4 49. a5 Rd1+ 50. Kf2 {[%emt 0:01:29] Strongly threatening b4.} Ra1 51. Kf3 (51. Rb6+ $142 Kg5 52. a6) 51... Ra2 {[%emt 0:03:46] [#]} 52. b4 (52. Kg4 $1 $18 {is the precise move to win.}) 52... g5 $16 53. Rb8 Ra3+ $2 (53... Kg7 $16 54. Rc8 Ra4) 54. Ke4 $2 (54. Kg4 {Threatens to win with Rb6+.} Rg3+ 55. Kf5 Rxg2 56. b5 Rf2+ 57. Kg4 Rf4+ 58. Kh3) 54... Ra2 $18 {[%emt 0:03:07] [#]} 55. Rb6+ $2 ({Only move:} 55. Kf5 $1 $18) 55... Kh5 $2 (55... Kg7 $1 $14) 56. a6 Rxg2 57. Rb5 $2 (57. Rb8 $18 Re2+ 58. Kf5 Rf2+ 59. Ke6 Re2+ 60. Kf6 (60. Kf5 Rf2+ 61. Ke6 Re2+ 62. Kf5 $16)) 57... h3 $1 $11 {[%emt 0:00:30] The position is equal.} 58. a7 Ra2 $1 {[%emt 0:01:05] ( -> ...h2)} (58... h2 {leads to mate.} 59. a8=Q Rg1 60. Qh8+ Kg4 61. Qxh2 Re1+ 62. Kd3) 59. Rb7 (59. Ra5 {gets mated.} Rxa5 60. bxa5 h2 61. Kf3 h1=Q+ 62. Ke3 g4 63. a6 Qa8 64. Kf4 Qxa7 65. Ke4 g3 66. Kf3 Qf2+ 67. Ke4 g2 68. Kd3 g1=Q 69. Kc3 Qd4+ 70. Kb3 Qb1+ 71. Ka3 Qdb4#) 59... Kg4 60. b5 (60. Rh7 $5 h2 61. b5 Rxa7 62. Rxh2 $11) 60... h2 61. Rh7 {[%emt 0:00:08] White threatens b6 and mate.} Rxa7 62. Rxh2 Ra4+ 63. Kd5 Rb4 {[%emt 0:00:10] aiming for ...Kg3.} 64. Kc5 Rb1 65. Rc2 Kf3 66. Rc3+ Kf4 67. Rc4+ Kf3 68. Rc3+ Kf4 69. Rc4+ Kf3 70. Rc3+ Kf4 {[%emt 0:00:17] Black defended with fortune.  Weighted Error Value: White=0.42/Black=0.36} 1/2-1/2

[Event "USA Championship Women 2022"]
[Site "Saint Louis"]
[Date "2022.10.07"]
[Round "3.1"]
[White "Cervantes Landeiro, Thalia"]
[Black "Lee, Alice"]
[Result "1/2-1/2"]
[ECO "D12"]
[WhiteElo "2272"]
[BlackElo "2263"]
[Annotator "TA"]
[PlyCount "83"]
[EventDate "2022.09.05"]
[EventType "tourn"]
[EventCountry "USA"]
[SourceTitle "playchess.com"]
[Source "ChessBase"]
[SourceQuality "1"]
[TimeControl "40/5400+30:1800+30"]

1. d4 d5 2. c4 c6 3. Nf3 Nf6 4. e3 Bf5 5. Nc3 e6 6. Nh4 Be4 7. f3 Bg6 8. Qb3 Qc7 9. Bd2 {[%emt 0:02:01] D12: Slav Defence: 3 Nf3 Nf6 4 e3 Bf5.} Be7 10. O-O-O dxc4 11. Bxc4 a6 12. Nxg6 hxg6 13. Ne4 b5 14. Be2 Nbd7 15. Kb1 Rc8 16. Be1 {[%emt 0:11:41][%cal Bd2e1,Be1g3,Bg3e5][%mdl 32] [#]} c5 $146 ({Predecessor:} 16... O-O 17. Nxf6+ Bxf6 18. Qa3 Rfe8 19. e4 Be7 20. Qa5 Qb7 21. Bb4 c5 22. dxc5 Nxc5 {½-½ (31) Susla,V (2324)-Celan,M (2100) LSS email 2016}) 17. Bg3 Qc6 18. Nxc5 Nxc5 19. dxc5 Bxc5 (19... Qxc5 $2 20. Rc1 Qf5+ 21. e4 Rxc1+ 22. Rxc1 Nxe4 23. Rc8+ Bd8 24. fxe4 Qxe4+ 25. Qc2 Qxc2+ 26. Kxc2 $18) 20. Be5 O-O 21. h4 (21. Rd2 {is more complex.} Bb6 22. Rhd1 Nd5 23. Bd4) 21... Rfd8 (21... Be7 $142) 22. Rxd8+ $1 $11 Rxd8 23. Rc1 {[%emt 0:02:56] [#] Threatens to win with Bxf6.} Rd5 24. Bxf6 gxf6 25. Qc3 {[%emt 0:01:16] Against Rd2. Hoping for b4.} Qd7 26. h5 ({White should play} 26. e4 $11 Rd2 27. Qxc5 Rxe2 28. Qc8+ Qxc8 29. Rxc8+ Kg7 30. Rc2 Re1+ 31. Rc1) 26... Be7 ({Much less strong is} 26... Rxh5 27. f4 Rd5 28. Bf3 $14) (26... b4 $15 27. Qb3 gxh5) 27. hxg6 {[%emt 0:02:30] The position is equal.} fxg6 (27... Rd2 {looks sharper.} 28. Qc8+ Qxc8 29. Rxc8+ Kg7) 28. f4 Rc5 29. Qb3 Rxc1+ 30. Kxc1 {[%emt 0:00:02][%mdl 4096] Endgame KQB-KQB} Qc6+ 31. Kd1 Qe4 32. Bf3 Qb1+ 33. Ke2 Kf7 34. a3 f5 35. g4 Bf6 36. gxf5 gxf5 37. Bh5+ Ke7 38. Qb4+ Kd7 39. Qd2+ Ke7 40. Qb4+ Kd7 41. Qd2+ Ke7 42. Qb4+ {[%emt 0:00:18] An even fight not without its subleties.  Weighted Error Value: White=0.08 (flawless) /Black=0.06 (flawless)} 1/2-1/2

[Event "USA Championship Women 2022"]
[Site "Saint Louis"]
[Date "2022.10.07"]
[Round "3.2"]
[White "Foisor, Sabina-Francesca"]
[Black "Zatonskih, Anna"]
[Result "1/2-1/2"]
[ECO "D35"]
[WhiteElo "2203"]
[BlackElo "2368"]
[Annotator "TA"]
[PlyCount "79"]
[EventDate "2022.09.05"]
[EventType "tourn"]
[EventCountry "USA"]
[SourceTitle "playchess.com"]
[Source "ChessBase"]
[SourceQuality "1"]
[TimeControl "40/5400+30:1800+30"]

1. d4 d5 2. c4 e6 3. Nc3 Nf6 4. Nf3 Be7 5. cxd5 exd5 6. Bf4 c6 7. h3 Nbd7 8. e3 O-O 9. Bd3 Re8 10. O-O Nf8 11. Qc2 Ng6 12. Bh2 Bd6 13. Bxd6 Qxd6 14. Rab1 Bd7 15. b4 a6 16. Na4 {[%emt 0:07:55] [#] D35: Queen's Gambit Declined: Exchange Variation.} Qe7 $146 ({Predecessor:} 16... Rad8 17. Nc5 Bc8 18. a4 Nd7 19. Bf5 Qf6 20. Bxd7 Bxd7 21. Nxd7 Rxd7 22. b5 axb5 23. axb5 h6 {1-0 (38) Banusz,T (2611)-Materia,M (2409) Biel 2022}) 17. Nc5 {[%emt 0:06:23] White is more active.} Bc8 18. a4 {[%emt 0:14:07] White is slightly better.} Ne4 19. b5 axb5 20. axb5 f5 (20... Nxc5 $14 21. Qxc5 (21. dxc5 Qf6 $14) 21... Qxc5 22. dxc5 Nf8) 21. bxc6 bxc6 22. Ra1 Rxa1 23. Rxa1 Qc7 24. Ra8 Bd7 25. Qa2 (25. Ra2 $142) 25... Rxa8 26. Qxa8+ Qc8 27. Qxc8+ (27. Qa7 $16 Nxc5 28. dxc5 (28. Qxc5 Nh8 $16)) 27... Bxc8 $14 28. Bxe4 (28. Bc2 $14) 28... dxe4 $16 {[%emt 0:01:43][%mdl 4096] Endgame KBN-KNN} 29. Nd2 Kf7 30. g4 fxg4 31. Ndxe4 {[%emt 0:00:26] [#] Hoping for Nd6+. Pair of Knights!} Ke7 {[%emt 0:00:27] Against Nd6} 32. hxg4 Bxg4 33. Kg2 h5 34. Kg3 Bc8 35. f3 Bf5 36. Ng5 Kf6 37. Nh7+ (37. f4 $5 ) 37... Ke7 38. Ng5 Kf6 39. Nh7+ Ke7 40. Ng5 {[%emt 0:03:00] Weighted Error Value: White=0.17 (very precise) /Black=0.10 (very precise)} 1/2-1/2

[Event "USA Championship Women 2022"]
[Site "Saint Louis"]
[Date "2022.10.07"]
[Round "3.3"]
[White "Yan, Ruiyang"]
[Black "Morris-Suzuki, Sophie"]
[Result "1-0"]
[ECO "B80"]
[WhiteElo "2220"]
[BlackElo "2126"]
[Annotator "TA"]
[PlyCount "127"]
[EventDate "2022.09.05"]
[EventType "tourn"]
[EventCountry "USA"]
[SourceTitle "playchess.com"]
[Source "ChessBase"]
[SourceQuality "1"]
[TimeControl "40/5400+30:1800+30"]

1. e4 c5 2. Nf3 e6 3. d4 cxd4 4. Nxd4 Nf6 5. Nc3 d6 6. Be3 a6 7. f3 b5 8. Qd2 Bb7 9. a4 b4 {[%emt 0:15:04] B80: Sicilian Scheveningen: 6 g3 and 6 Be3, including English Attack.} 10. Na2 d5 11. e5 (11. Nxb4 dxe4 12. Be2 Nbd7 $15) 11... Nfd7 {[%emt 0:00:03] White is slightly better.} 12. f4 $1 Nc5 13. Bd3 (13. Nxb4 $2 Ne4 14. Qd1 Bxb4+ $19) 13... Nxd3+ {[%emt 0:13:58] [#]} 14. cxd3 $146 ({Predecessor:} 14. Qxd3 Nd7 15. O-O g6 16. Qe2 Rc8 17. f5 Nc5 18. fxe6 Nxe6 19. Nxe6 fxe6 20. Qg4 Rxc2 21. Nxb4 {0-1 (33) Kazmierowski,T (1996)-Baum,J (2308) Pokrzywna 2020}) 14... Nc6 15. Nc1 Na5 (15... Nxd4 $14 16. Bxd4 Be7) 16. O-O Bc5 17. Ncb3 Nxb3 18. Nxb3 Be7 19. Bd4 O-O 20. Qf2 Bc6 21. Bc5 Bxc5 22. Qxc5 Qd7 23. Qd4 a5 (23... Bxa4 $2 24. Nc5 (24. Qxb4 Bxb3 25. Qxb3 Qa7+ 26. Rf2 Rab8 $15) 24... Qb5 25. Nxa4 $18 (25. Rxa4 Rfc8 $11)) 24. Rfc1 Rfc8 (24... Bxa4 $2 25. Nc5 Qb5 26. Nxa4 $18) 25. Nc5 Qa7 (25... Qd8 $1 $11) 26. Qf2 $16 Qe7 27. d4 b3 (27... Bd7 $142) 28. Qd2 Qe8 29. Nxb3 Bxa4 30. Rxc8 ({Resist} 30. Nxa5 Rxc1+ 31. Rxc1 Qb8 $14) 30... Rxc8 31. Nc5 ({Don't play} 31. Nxa5 $6 Rb8 $14) 31... Bc6 32. Rxa5 {[%emt 0:00:11] White is much more active.} Qd8 33. b3 Ra8 34. b4 Qb6 $2 {[%emt 0:00:45] [#]} (34... h5 $16 35. Qc3 Qb6) 35. Rxa8+ $1 $18 Bxa8 {[%emt 0:00:01][%mdl 4096] Endgame [#] KQB-KQN} 36. Qa2 $1 Bc6 37. Qa5 Qb8 38. h3 (38. Na6 $18 {and White stays clearly on top.} Qc8 39. g3) 38... h5 $16 39. Kf2 Bb5 40. g4 hxg4 41. hxg4 Qe8 (41... g6 $16 {was necessary.} 42. Qa3 Kg7) 42. Qb6 $18 Bc4 43. Kg3 Kh7 44. Qc7 {[%emt 0:00:00] Threatens to win with Qd7.} Kg6 $2 (44... Bb5 45. Nb7 Bd3) 45. Qd7 (45. Nb7 $142 {Nd6 is the strong threat.} Kh7 46. Nd6) 45... Qxd7 46. Nxd7 {[%emt 0:00:00] KB-KN} f6 47. Nb6 Be2 48. Nc8 {[%emt 0:00:00] Black must now prevent Nd6.} fxe5 49. fxe5 {[%emt 0:00:00] White threatens Nd6 and mate.} Kf7 50. b5 Ke8 51. b6 {[%emt 0:00:00] White wants to mate with b7.} Kd7 52. Nd6 Ba6 53. b7 Kc7 54. Ne8+ Kxb7 55. Nxg7 Kc6 56. Nxe6 Bd3 57. Kf4 Be2 58. Nc5 Kc7 59. g5 Kd8 60. e6 {[%emt 0:00:00] Intending g6 and mate.} Ke7 61. Ke5 Bf3 62. g6 {[%emt 0:00:00] g7 would kill now.} Kf8 63. Kf6 (63. Nd7+ $142 Kg7 64. e7 Kh6 65. Kf4 Kh5 66. g7 Kh6 67. g8=Q Be4 68. Nf6 Bh1 69. Qh7#) 63... Bh5 64. Nd3 {[%emt 0:00:00] Weighted Error Value: White=0.20 (precise) /Black=0.21 (precise)} 1-0

[Event "USA Championship Women 2022"]
[Site "Saint Louis"]
[Date "2022.10.07"]
[Round "3.4"]
[White "Eswaran, Ashritha"]
[Black "Paikidze, Nazi"]
[Result "1/2-1/2"]
[ECO "B11"]
[WhiteElo "2365"]
[BlackElo "2354"]
[Annotator "TA"]
[PlyCount "96"]
[EventDate "2022.09.05"]
[EventType "tourn"]
[EventCountry "USA"]
[SourceTitle "playchess.com"]
[Source "ChessBase"]
[SourceQuality "1"]
[TimeControl "40/5400+30:1800+30"]

1. e4 c6 2. Nc3 d5 3. Nf3 Bg4 4. h3 Bxf3 5. Qxf3 e6 6. Be2 Nf6 7. O-O Nbd7 8. d4 {[%emt 0:01:17] B11: Caro-Kann: Two Knights Variation.} dxe4 9. Nxe4 Nxe4 10. Qxe4 {[%emt 0:00:09] White has an edge.} Nf6 11. Qd3 Qc7 12. Rd1 Be7 13. a4 a5 {[%emt 0:04:15] [#]} 14. Bd2 $146 ({Predecessor:} 14. c4 O-O 15. Qf3 Rad8 16. b3 Rd7 17. Bb2 Rfd8 18. Bd3 {½-½ (18) Strbac,M (2292)-Sljukic,M (2188) Kovacica 2019}) 14... O-O 15. Be1 Rfd8 16. Qc4 Rd7 17. Bf3 Rad8 18. c3 e5 19. dxe5 Qxe5 {[%emt 0:03:01] [#] ...Rxd1 is the strong threat.} 20. Qe2 Qxe2 21. Bxe2 Nd5 22. g3 Bf6 {[%emt 0:01:33] The position is equal.} 23. Bf3 Nb6 24. Rxd7 Nxd7 25. Ra2 Ne5 26. Be2 Nd3 27. Bxd3 Rxd3 $11 {[%emt 0:00:01][%mdl 4096] Endgame KRB-KRB} 28. Ra3 Be7 29. Ra1 f5 30. Kf1 Kf7 31. Ke2 Rd7 32. b4 axb4 33. cxb4 Bf6 34. Rc1 Rd5 35. a5 Re5+ 36. Kf1 Rb5 37. a6 bxa6 38. Rxc6 Be7 $1 39. Rxa6 {[%emt 0:02:07] Threatens to win with Ra5.} Bxb4 40. Bxb4 Rxb4 {[%emt 0:00:03] KR-KR} 41. Ke2 Rb3 42. h4 h5 43. Kf1 g6 44. Kg2 Rc3 45. Rb6 $1 Rd3 46. Ra6 Rc3 47. Rb6 Rd3 48. Ra6 $1 Rc3 {[%emt 0:00:08] Weighted Error Value: White=0.03 (flawless) /Black=0.02 (flawless)} 1/2-1/2

[Event "USA Championship Women 2022"]
[Site "Saint Louis"]
[Date "2022.10.07"]
[Round "3.5"]
[White "Tokhirjonova, Gulrukhbegim"]
[Black "Wu, Rochelle"]
[Result "1-0"]
[ECO "B23"]
[WhiteElo "2336"]
[BlackElo "2317"]
[Annotator "TA"]
[PlyCount "147"]
[EventDate "2022.09.05"]
[EventType "tourn"]
[EventCountry "USA"]
[SourceTitle "playchess.com"]
[Source "ChessBase"]
[SourceQuality "1"]
[TimeControl "40/5400+30:1800+30"]

1. e4 c5 2. Nc3 d6 3. f4 g6 4. Bb5+ Bd7 5. Bc4 Bg7 6. Nf3 {[%emt 0:00:53] B23: Closed Sicilian: Lines without g3.} Nc6 7. d3 e6 8. f5 {[%emt 0:02:58] The position is equal.} Nd4 9. fxe6 fxe6 {[%emt 0:01:06] [#]} 10. O-O $146 ({Predecessor:} 10. Nxd4 cxd4 11. Ne2 Qh4+ 12. g3 Qh5 13. Qd2 b5 14. Bb3 Nh6 15. O-O Ng4 16. Nf4 {1-0 (55) Kosteniuk,A (2510)-Brailly Vignal,B (2361) Chartres 2022}) 10... Qb6 (10... Nh6 $14 {deserves consideration.}) 11. Ng5 Nf6 12. Ne2 Nxe2+ (12... d5 $16) 13. Qxe2 $18 e5 14. a4 (14. Ne6 Bxe6 15. Bxe6 h6) 14... Ke7 15. a5 Qc7 16. b4 Raf8 17. bxc5 dxc5 18. d4 (18. Nf3 $18) 18... h6 $16 19. Nf3 $36 {[%emt 0:03:33][%mdl 2048] White is on the roll. White is more active.} exd4 20. Nh4 (20. a6 $16 {Hoping for e5.} Ng4 21. e5) 20... Be8 $2 (20... Ng4 $11 21. Nxg6+ Kd8) 21. Bf4 $1 $18 (21. e5 Nd7 $14) 21... Qd7 22. Bb8 Nh5 $2 (22... Ng4 {was called for.}) 23. Bxa7 Qd6 24. Rab1 Rxf1+ 25. Qxf1 Be5 26. Rxb7+ Kd8 27. Nf3 Rf8 28. Bb6+ Kc8 {[%emt 0:00:12] [#]} 29. Ba6 $2 (29. Qb1 $1 $18 {and White stays clearly on top. Threatening mate with Ba6.} Rxf3 30. Rc7+ Qxc7 31. Bxc7 Bxc7 32. gxf3) 29... Bxh2+ $16 30. Nxh2 Rxf1+ 31. Nxf1 {[%emt 0:00:07] Dancing on a razor blade.} Bd7 32. Nd2 (32. Rc7+ $1 $16 Kb8 33. Rxc5) 32... d3 $11 33. c3 Ng3 34. Ra7+ {[%emt 0:00:57][%mdl 1024] White has compensation.} Kb8 35. Rb7+ Kc8 36. Ra7+ Kb8 37. Bc7+ {[%emt 0:00:37] This bishop pair is nice.} Kxa7 38. Bxd6 Ne2+ 39. Kf2 Kxa6 {[%emt 0:00:03][%mdl 4096] Endgame KBN-KBN} 40. c4 $1 Kxa5 41. Bxc5 h5 42. Ke3 Ka4 (42... Be6 $14) 43. Bd6 $16 ({Don't play} 43. Kxd3 $6 Nf4+ 44. Kc3 Nxg2 $14) 43... Nc1 44. Nf3 $1 Be6 45. Kd2 Nb3+ (45... Ne2 $16) 46. Kxd3 $18 Na5 47. Ne5 g5 48. Be7 g4 (48... Kb3 $142 49. Kd4 (49. Bxg5 Nxc4 50. Nc6 Bg8 $16) 49... g4) 49. Kd4 Nb3+ 50. Kc3 {[%emt 0:00:00] Strongly threatening Nd3.} Nc1 51. Nd3 (51. Bg5 $18 Na2+ 52. Kd4) 51... Nxd3 $16 52. Kxd3 {[%emt 0:00:00] KB-KB} Ka5 53. Kd4 Kb6 54. c5+ Kc6 55. g3 Ba2 56. Ke3 Kd7 57. Bd6 Bf7 58. Kf4 Ke6 (58... Kc6 $16) 59. Kg5 $1 $18 Be8 60. Bf4 Ke7 61. Kf5 {[%emt 0:00:00] Threatens to win with Bd6+.} Bd7+ 62. Ke5 Bc6 63. Bg5+ $1 Kd7 $2 (63... Kf7 $16 64. Kd6 Bxe4) 64. Kf5 $1 {[%emt 0:00:00] Black must now prevent e5.} Bb7 {[%emt 0:02:30] [#]} 65. e5 $1 Kc6 66. Be7 (66. Kf6 $142 Kxc5 67. e6) 66... Kd5 {[%emt 0:01:09] [#]} 67. Bd6 $1 {[%emt 0:00:54] And now Kf6 would win.} h4 $2 (67... Bc8+ 68. Kg5 Ke6 69. Kxh5 Kf7) 68. gxh4 g3 69. e6 {[%emt 0:00:06] Kf6 would kill now.} g2 70. Bh2 {[%emt 0:00:05] White mates.} Kxc5 71. h5 Ba6 72. h6 Kc6 73. Kf6 Bd3 74. Kf7 {[%emt 0:00:06] Weighted Error Value: White=0.28 (precise) /Black=0.42} 1-0